[Event "Titled Tuesday Blitz May 30 Late 2023"]
[White "Cardozo Munar, Carlos Eduardo"]
[Black "Goffredo_Fofi"]
[WhiteFideId "4409477"]
[WhiteElo "2067"]
[BlackElo "2458"]
[Result "1-0"]
[Round "08"]
[TimeControl "180+2"]
[Date "2023.05.31"]
[WhiteClock "0:01:36"]
[BlackClock "0:00:01"]

1. e4 Nf6 2. e5 Nd5 3. c4 Nb6 4. c5 Nd5 5. Bc4 e6 6. Nc3 Nxc3 7. dxc3 Nc6 8. Bf4 Bxc5 9. Qg4 g5 10. Bxg5 Rg8 11. Bxd8 Rxg4 12. Be2 Rxg2 13. Bxc7 b6 14. Nh3 Bb7 15. Bf3 Rg7 16. b4 Be7 17. O-O-O Rc8 18. Bd6 Bxd6 19. Rxd6 Ba8 20. Rhd1 Nxe5 21. Bxa8 Rxa8 22. f4 Nc6 23. Rxd7 Rc8 24. Ng5 Nxb4 25. Nxe6 Rxc3+ 26. Kb2 Rc2+ 27. Kb3 fxe6 28. Rxg7 Rc5 29. Kxb4 1-0


[Site "https://www.chess.com"]

[Event "Titled Tuesday Blitz May 30 Late 2023"]
[White "MariusBieliauskas"]
[Black "Kovacevic, Radmila"]
[BlackFideId "933171"]
[WhiteElo "2454"]
[BlackElo "2194"]
[Result "1-0"]
[Round "08"]
[TimeControl "180+2"]
[Date "2023.05.31"]
[WhiteClock "0:01:50"]
[BlackClock "0:00:01"]

1. d4 e5 2. dxe5 Nc6 3. Nf3 Qe7 4. Bf4 Qb4+ 5. Bd2 Qxb2 6. Nc3 Bb4 7. Rb1 Qxc3 8. Bxc3 Bxc3+ 9. Nd2 Bxe5 10. e3 Nf6 11. Bd3 O-O 12. O-O a6 13. f4 Bc3 14. Nf3 Ba5 15. e4 d6 16. e5 Ng4 17. Qe2 Re8 18. h3 Nh6 19. Ng5 Nf5 20. Qh5 Nh6 21. Bxh7+ Kf8 22. Bd3 b5 23. Nh7+ Ke7 24. exd6+ Kxd6 25. Rbd1 Bb6+ 26. Kh1 Bb7 27. Be4+ Ke7 28. Qg5+ f6 29. Qxg7+ Nf7 30. Rfe1 1-0


[Site "https://www.chess.com"]

[Event "Titled Tuesday Blitz May 30 Late 2023"]
[White "Liu, Kelsey"]
[Black "LangesNasenhaar"]
[WhiteFideId "30944481"]
[WhiteElo "2247"]
[BlackElo "2452"]
[Result "1-0"]
[Round "08"]
[TimeControl "180+2"]
[Date "2023.05.31"]
[WhiteClock "0:00:08"]
[BlackClock "0:00:09"]

1. e4 d6 2. d4 Nf6 3. Nc3 Nbd7 4. Bc4 e5 5. Nge2 c6 6. O-O b5 7. Bd3 b4 8. Nb1 Be7 9. a3 bxa3 10. Nxa3 O-O 11. Nc4 Qc7 12. Bg5 Re8 13. Ne3 exd4 14. Nxd4 Bf8 15. Qf3 Ne5 16. Qg3 Nh5 17. Qh4 g6 18. f4 Nxd3 19. cxd3 d5 20. f5 dxe4 21. dxe4 Bc5 22. Ra4 Qb6 23. fxg6 hxg6 24. Ndc2 Ba6 25. Rf3 Bb5 26. Ra1 Bd3 27. b4 Bd4 28. Nxd4 Qxd4 29. Rd1 Rxe4 30. Qf2 f5 31. Qd2 Rb8 32. Qxd3 Qxd3 33. Rxd3 Rbxb4 34. Rd8+ Kf7 35. Rd7+ Ke6 36. Rxa7 Rb1+ 37. Kf2 Rb2+ 38. Kg1 f4 39. Nf1 Ree2 40. Re7+ Kd6 41. Rxe2 Rxe2 42. Bxf4+ Kd5 43. Bg3 c5 44. Ra3 c4 45. Ra5+ Kc6 46. Bf2 Nf4 47. Rc5+ Kd6 48. Rxc4 Rd2 49. Rxf4 Ke5 50. Rg4 Kf5 51. Rg3 Rd7 52. h3 g5 53. Kh2 Rd1 54. Ne3+ Kf4 55. Nxd1 g4 56. Rxg4+ 1-0


[Site "https://www.chess.com"]

[Event "Titled Tuesday Blitz May 30 Late 2023"]
[White "Buchenau, Frank"]
[Black "Osmonbekov, Talaibek"]
[WhiteFideId "4604350"]
[BlackFideId "2017253"]
[WhiteElo "2157"]
[BlackElo "2135"]
[Result "0-1"]
[Round "08"]
[TimeControl "180+2"]
[Date "2023.05.31"]
[WhiteClock "0:00:10"]
[BlackClock "0:00:27"]

1. e4 c5 2. Nf3 d6 3. Bb5+ Nd7 4. O-O e5 5. c3 Nf6 6. d4 Qc7 7. Re1 Be7 8. a4 O-O 9. Na3 a6 10. Bf1 Rd8 11. Nc4 cxd4 12. cxd4 exd4 13. Nxd4 d5 14. Nf5 dxc4 15. Nxe7+ Kf8 16. Nd5 Nxd5 17. exd5 Nf6 18. Bg5 Rxd5 19. Qc1 Be6 20. Bxf6 gxf6 21. Bxc4 Rh5 22. Bxe6 Qxh2+ 23. Kf1 Re8 24. Re3 Rxe6 25. Rxe6 fxe6 26. Qc8+ Kf7 27. Qxb7+ Kg6 28. g3 Qh1+ 29. Ke2 Qxb7 0-1


[Site "https://www.chess.com"]

[Event "Titled Tuesday Blitz May 30 Late 2023"]
[White "Brown, Raehanna"]
[Black "Zaitsev, Alexander"]
[WhiteFideId "7402740"]
[BlackFideId "4164490"]
[WhiteElo "1655"]
[BlackElo "2373"]
[Result "0-1"]
[Round "08"]
[TimeControl "180+2"]
[Date "2023.05.31"]
[WhiteClock "0:00:01"]
[BlackClock "0:00:18"]

1. c4 Nf6 2. Nc3 e6 3. e4 d5 4. e5 d4 5. exf6 dxc3 6. bxc3 Qxf6 7. d4 e5 8. Nf3 Nc6 9. Bd3 exd4 10. O-O Be7 11. Bg5 Qd6 12. Re1 O-O 13. Bxe7 Nxe7 14. cxd4 h6 15. Qc2 c5 16. d5 Bd7 17. a4 Rfe8 18. a5 Rad8 19. Rab1 b6 20. axb6 axb6 21. Ne5 Nc8 22. Nxd7 Qxd7 23. Bf5 Qd6 24. Rxe8+ Rxe8 25. Qb2 Ne7 26. Bd3 Rb8 27. Re1 Kf8 28. g3 Re8 29. Qb5 Rb8 30. Kg2 g6 31. Qb2 Kg8 32. Qe2 Kf8 33. Qb2 Kg8 34. Qe2 Rb7 35. Qe3 Kg7 36. Qf3 Nc8 37. Bc2 Re7 38. Qc3+ Kg8 39. Rxe7 Qxe7 40. Qe3 Qxe3 41. fxe3 Nd6 42. Bd3 Kg7 43. Kf3 Kf6 44. h4 Ke5 45. g4 g5 46. hxg5 hxg5 47. Be2 Ne4 48. Bd3 Nd2+ 49. Ke2 Nb3 50. Kf3 Na5 51. Ke2 Nb7 52. Kf3 Nd6 53. Ke2 Ne8 54. Kf3 Nf6 55. Kg3 Ne8 56. Kf3 f6 57. Kg3 Nd6 58. Kf3 Nf7 59. Kg3 Kd6 60. Be2 Ne5 61. Bf1 Kc7 62. Be2 Kb7 63. e4 Ka7 64. Kf2 Ka6 65. Ke3 Ka5 66. Kd2 Kb4 67. Ke3 Kc3 68. Kf2 Kd4 69. Bf3 Kxc4 70. Ke3 b5 71. Be2+ Kb4 72. Bd3 c4 73. Be2 Kc5 74. Kd2 Kd4 75. d6 Kc5 76. d7 Nxd7 0-1


[Site "https://www.chess.com"]

[Event "Titled Tuesday Blitz May 30 Late 2023"]
[White "rionelG"]
[Black "Shapiro, Viktor"]
[BlackFideId "4175700"]
[WhiteElo "2194"]
[BlackElo "2152"]
[Result "0-1"]
[Round "08"]
[TimeControl "180+2"]
[Date "2023.05.31"]
[WhiteClock "0:00:18"]
[BlackClock "0:01:08"]

1. e4 c5 2. g3 g6 3. Bg2 Bg7 4. Ne2 Nc6 5. c3 e5 6. d3 Nge7 7. Be3 d6 8. d4 b6 9. O-O O-O 10. d5 Na5 11. Na3 Ba6 12. b3 f5 13. c4 fxe4 14. Bxe4 Bc8 15. Bg5 Bf5 16. Nc3 h6 17. Bd2 Nb7 18. Nc2 a6 19. Ne3 Qd7 20. Qc1 Kh7 21. Qc2 b5 22. h4 b4 23. Na4 Rae8 24. Rae1 Bxe4 25. Qxe4 h5 26. Nb2 Nf5 27. Nxf5 gxf5 28. Qe2 Qf7 29. Nd3 Qg6 30. Kh2 Nd8 31. Qd1 Nf7 32. f4 e4 33. Nc1 Nh6 34. Be3 Ng4+ 35. Kh3 Rg8 36. Rg1 Bc3 37. Re2 Nxe3 38. Rxe3 Bd4 39. Qe2 Qg4+ 40. Kh2 Qxe2+ 41. Rxe2 Bxg1+ 42. Kxg1 Rxg3+ 43. Kh2 Reg8 0-1


[Site "https://www.chess.com"]

[Event "Titled Tuesday Blitz May 30 Late 2023"]
[White "Skaric, Djuro"]
[Black "Manu_ChessExcelsior"]
[WhiteFideId "934569"]
[WhiteElo "2282"]
[BlackElo "2077"]
[Result "1-0"]
[Round "08"]
[TimeControl "180+2"]
[Date "2023.05.31"]
[WhiteClock "0:00:34"]
[BlackClock "0:00:01"]

1. g3 d5 2. Bg2 Nf6 3. d3 e6 4. Nf3 Be7 5. O-O c6 6. h3 Nbd7 7. Nc3 O-O 8. e4 b6 9. Nd2 Bb7 10. f4 c5 11. g4 dxe4 12. Ndxe4 Qc7 13. g5 Nd5 14. Nxd5 exd5 15. Ng3 Bxg5 16. Qg4 Bf6 17. Nh5 Bd4+ 18. Kh1 f5 19. Qh4 g6 20. c3 Bh8 21. Rf3 gxh5 22. Rg3+ Bg7 23. Bd2 Nf6 24. Rg1 Rf7 25. Bf3 d4 26. Bxb7 Qxb7+ 27. Kh2 Raf8 28. cxd4 cxd4 29. Bb4 Re8 30. R1g2 Re3 31. Bd6 Rxg3 32. Qxg3 Qd5 33. Be5 Ne8 34. Qg5 Qe6 35. Qxh5 Kh8 36. Qg5 Kg8 37. h4 Kh8 38. h5 h6 39. Qg3 Kh7 40. Bxd4 Qd7 41. Qg6+ Kh8 42. Bc3 Re7 43. Qxh6+ Kg8 44. Qg6 Rf7 45. h6 Qe7 46. hxg7 Qh4+ 47. Kg1 Nf6 48. Qg3 Qh5 49. Bxf6 Rxf6 50. Qe3 Rf7 51. Qe8+ Kh7 52. g8=Q+ 1-0


[Site "https://www.chess.com"]

[Event "Titled Tuesday Blitz May 30 Late 2023"]
[White "Oliveira, Tiago Batista"]
[Black "Makridis, Dimitrios"]
[WhiteFideId "2108291"]
[BlackFideId "25864475"]
[WhiteElo "1962"]
[BlackElo "2277"]
[Result "0-1"]
[Round "08"]
[TimeControl "180+2"]
[Date "2023.05.31"]
[WhiteClock "0:00:07"]
[BlackClock "0:00:56"]

1. d4 Nf6 2. c4 d5 3. Nf3 g6 4. Nc3 Bg7 5. cxd5 Nxd5 6. e4 Nxc3 7. bxc3 O-O 8. Be3 Nd7 9. Rc1 e5 10. Bc4 exd4 11. cxd4 c6 12. O-O Nf6 13. Qc2 h6 14. Ne5 Be6 15. Nxg6 Re8 16. Bxe6 Rxe6 17. Ne5 Nd7 18. f4 Nxe5 19. dxe5 Qh4 20. g3 Qg4 21. Rcd1 Rae8 22. Qb3 R6e7 23. Bc5 Rd7 24. Rxd7 Qxd7 25. Rd1 Qg4 26. Rd6 b6 27. Ba3 c5 28. Bb2 Qe2 29. e6 Qe1+ 30. Kg2 Qxe4+ 31. Kf1 Rxe6 32. Rxe6 Qxe6 33. Qc2 Qxa2 0-1


[Site "https://www.chess.com"]

[Event "Titled Tuesday Blitz May 30 Late 2023"]
[White "Prydun, Andriy"]
[Black "Do Nascimento,Christian Almeida"]
[WhiteFideId "14145898"]
[BlackFideId "2143801"]
[WhiteElo "2164"]
[BlackElo "2118"]
[Result "0-1"]
[Round "08"]
[TimeControl "180+2"]
[Date "2023.05.31"]
[WhiteClock "0:00:06"]
[BlackClock "0:00:16"]

1. e4 c5 2. Nf3 d6 3. d4 cxd4 4. Nxd4 Nf6 5. Nc3 g6 6. Be3 Bg7 7. f3 O-O 8. Qd2 Nc6 9. Bc4 Bd7 10. O-O-O Ne5 11. Bb3 Qa5 12. g4 Rfc8 13. h4 Rxc3 14. Qxc3 Qxc3 15. bxc3 Rc8 16. Kd2 b5 17. Ra1 a5 18. a4 bxa4 19. Bxa4 Nc4+ 20. Ke2 Bxa4 21. Rxa4 Nxe3 22. Kxe3 Rxc3+ 23. Kd2 Rc5 24. Nb3 Rc8 25. Rxa5 Nd7 26. Ra7 Ne5 27. Rf1 Nc4+ 28. Ke2 Kf8 29. Nd2 Ne5 30. c4 Nc6 31. Rb7 Nd4+ 32. Kd3 Ne6 33. Nb3 h6 34. f4 Ra8 35. f5 gxf5 36. exf5 Nd8 37. Rb5 Nc6 38. g5 Ne5+ 39. Ke3 Nxc4+ 40. Kf4 Be5+ 41. Kg4 Ne3+ 42. Kh5 Nxf1 43. Kxh6 Ne3 44. f6 exf6 45. gxf6 Bxf6 46. h5 Ke7 0-1


[Site "https://www.chess.com"]

[Event "Titled Tuesday Blitz May 30 Late 2023"]
[White "Papp, Petra"]
[Black "Uzcategui Rodriguez, Alejandro"]
[WhiteFideId "739049"]
[BlackFideId "3903400"]
[WhiteElo "2259"]
[BlackElo "2252"]
[Result "0-1"]
[Round "08"]
[TimeControl "180+2"]
[Date "2023.05.31"]
[WhiteClock "0:00:01"]
[BlackClock "0:00:04"]

1. d4 d6 2. c4 Nf6 3. Nc3 Nbd7 4. e4 e5 5. Nf3 Be7 6. Be2 O-O 7. O-O c6 8. Re1 a6 9. a4 a5 10. Bf1 Re8 11. h3 Bf8 12. b3 exd4 13. Nxd4 Nc5 14. f3 Qb6 15. Kh2 g6 16. Bb2 Bg7 17. Qc2 Nfd7 18. Rad1 Na6 19. Nce2 Nb4 20. Qc1 Nc5 21. Ng3 h5 22. h4 Qd8 23. Qg5 Bf6 24. Qh6 Bg7 25. Qxg7+ Kxg7 26. Ne6+ Kh7 27. Nxd8 Rxd8 28. Re3 Be6 29. Be2 Rd7 30. f4 f5 31. exf5 Bxf5 32. Nxf5 gxf5 33. Bxh5 d5 34. Rg3 Rg8 35. Rxg8 Kxg8 36. Bg6 Nxb3 37. Bxf5 Re7 38. h5 dxc4 39. h6 Nd3 40. Bxd3 cxd3 41. Rxd3 Nc5 42. Rg3+ Kh7 43. Ba3 b6 44. Bxc5 bxc5 45. Rc3 Re4 46. Rxc5 Rxa4 47. Rxc6 Rxf4 48. Kh3 Rf1 49. Kh4 Rf5 50. g4 Rb5 51. Ra6 Rc5 52. g5 Rc1 53. Ra7+ Kg6 54. Rg7+ Kf5 55. h7 Rh1+ 56. Kg3 a4 57. g6 a3 58. Kg2 Rh5 59. Rg8 a2 60. Ra8 Kxg6 61. Rxa2 Rxh7 62. Kg3 Kf5 63. Ra5+ Ke4 64. Ra4+ Kd3 65. Kf4 Kc2 66. Ra6 Rh2 67. Ke5 Kd3 68. Rd6+ Kc4 0-1


[Site "https://www.chess.com"]

[Event "Titled Tuesday Blitz May 30 Late 2023"]
[White "Wizard_of_Odds"]
[Black "lluiss"]
[WhiteElo "2418"]
[BlackElo "2304"]
[Result "1/2-1/2"]
[Round "08"]
[TimeControl "180+2"]
[Date "2023.05.31"]
[WhiteClock "0:01:12"]
[BlackClock "0:00:05"]

1. d4 Nf6 2. c4 g6 3. Nc3 d5 4. cxd5 Nxd5 5. Bd2 Nb6 6. Nf3 Bg7 7. e4 O-O 8. Be3 Bg4 9. Be2 Nc6 10. d5 Na5 11. Nd2 Bxe2 12. Qxe2 e6 13. dxe6 fxe6 14. O-O-O Qe7 15. Nb3 Nxb3+ 16. axb3 a5 17. Bd4 a4 18. Bxg7 Kxg7 19. bxa4 Nxa4 20. Qc4 Nxc3 21. Qxc3+ e5 22. f3 Ra6 23. Kb1 Rfa8 24. f4 Rc6 25. Qxe5+ Qxe5 26. fxe5 Rf8 27. Rd7+ Rf7 28. Rhd1 Re6 29. R1d5 Rfe7 30. Rxe7+ Rxe7 31. Kc2 Kf7 32. Kd3 Ke6 33. Kd4 Rf7 34. Rc5 c6 35. Rc2 Rd7+ 36. Kc5 Rd1 37. Kb6 Rd7 38. Rc5 Rf7 39. b4 Rf4 40. Kxb7 Rxe4 41. Rxc6+ Kxe5 42. Rb6 Re2 43. b5 Rxg2 44. h3 Rh2 45. Ra6 Rxh3 46. b6 Rb3 47. Ra7 Kf4 48. Kc6 g5 49. Rxh7 g4 50. Rf7+ Kg3 51. Rf5 Rxb6+ 52. Kxb6 Kh2 53. Kc5 g3 54. Kd4 g2 55. Rh5+ Kg3 56. Ke4 g1=Q 57. Rg5+ Kf2 58. Rxg1 Kxg1 1/2-1/2


[Site "https://www.chess.com"]

[Event "Titled Tuesday Blitz May 30 Late 2023"]
[White "Prieto Aranguren, Alain"]
[Black "Srdanovic, Jovana"]
[WhiteFideId "2268906"]
[BlackFideId "954810"]
[WhiteElo "2209"]
[BlackElo "2169"]
[Result "1-0"]
[Round "08"]
[TimeControl "180+2"]
[Date "2023.05.31"]
[WhiteClock "0:02:24"]
[BlackClock "0:02:21"]

1. e4 c6 2. d4 d5 3. exd5 cxd5 4. Bd3 Nc6 5. Nf3 Bg4 6. O-O Nxd4 7. Nxd4 Bxd1 8. Bb5+ Qd7 9. Rxd1 e6 10. Bxd7+ Kxd7 11. c4 Nf6 12. Nc3 a6 13. cxd5 exd5 14. Bg5 Be7 15. Bxf6 Bxf6 16. Nxd5 Bxd4 17. Rxd4 Ke6 18. Nc7+ Kf6 1-0


[Site "https://www.chess.com"]

[Event "Titled Tuesday Blitz May 30 Late 2023"]
[White "Sailer, Mike"]
[Black "Przybylski, Wojciech"]
[WhiteFideId "2012901"]
[BlackFideId "1117599"]
[WhiteElo "2109"]
[BlackElo "2222"]
[Result "1/2-1/2"]
[Round "08"]
[TimeControl "180+2"]
[Date "2023.05.31"]
[WhiteClock "0:00:04"]
[BlackClock "0:00:03"]

1. d4 Nf6 2. Bg5 e6 3. Nd2 d5 4. e3 Be7 5. Bd3 O-O 6. c3 b6 7. f4 Bb7 8. Ngf3 Nbd7 9. O-O Ne4 10. Bxe7 Qxe7 11. Ne5 Ndf6 12. f5 exf5 13. Rxf5 Ne8 14. Nxe4 dxe4 15. Bc4 Nd6 16. Rf4 Nxc4 17. Nxc4 f6 18. a4 a5 19. Na3 Kh8 20. Nb5 Bd5 21. b3 g5 22. Rf2 f5 23. c4 Bc6 24. d5 Bxb5 25. axb5 Qe5 26. Rc1 f4 27. Qh5 fxe3 28. Rxf8+ Rxf8 29. Qe2 Qd4 30. Re1 Qd3 31. Qxd3 exd3 32. Rxe3 Rf4 33. Rxd3 a4 34. bxa4 Rxc4 35. d6 cxd6 36. Rxd6 Rxa4 37. Rxb6 Ra2 38. h3 Kg7 39. Kh2 Ra3 40. Rc6 Rb3 41. b6 h5 42. Rc7+ Kg6 43. b7 h4 44. Kg1 Kf5 45. Kf2 Kf4 46. Rf7+ Ke4 47. Re7+ Kf4 48. Ke2 Rb1 49. Kd2 Kg3 50. Kc2 Rb6 51. Rg7 Kxg2 52. Rxg5+ Kxh3 53. Rg7 Kh2 54. Kc3 h3 55. Kc4 Kh1 56. Kc5 Rb1 57. Kc6 h2 58. Kd6 Rd1+ 59. Kc6 Rb1 60. Kc7 Rxb7+ 61. Kxb7 1/2-1/2


[Site "https://www.chess.com"]

[Event "Titled Tuesday Blitz May 30 Late 2023"]
[White "Mazurkiewicz, Michal"]
[Black "Atanasov, Radislav"]
[WhiteFideId "1124943"]
[BlackFideId "2901471"]
[WhiteElo "2054"]
[BlackElo "2077"]
[Result "1-0"]
[Round "08"]
[TimeControl "180+2"]
[Date "2023.05.31"]
[WhiteClock "0:01:45"]
[BlackClock "0:00:05"]

1. e4 e5 2. Nf3 Nc6 3. Bb5 a6 4. Bxc6 dxc6 5. O-O Qd6 6. Na3 Be6 7. Qe2 O-O-O 8. Nc4 Bxc4 9. Qxc4 f6 10. d3 Ne7 11. a4 c5 12. Rd1 Nc6 13. c3 g5 14. Be3 h5 15. a5 h4 16. h3 Be7 17. Nh2 Rhg8 18. Ng4 Rdf8 19. Nh6 Rh8 20. Nf7 Rxf7 21. Qxf7 Nd8 22. Qd5 Ne6 23. b4 cxb4 24. cxb4 1-0


[Site "https://www.chess.com"]

[Event "Titled Tuesday Blitz May 30 Late 2023"]
[White "Pein, Jonathan"]
[Black "Da Silva, Alessandro Rodrigues"]
[WhiteFideId "417092"]
[BlackFideId "2107546"]
[WhiteElo "2151"]
[BlackElo "2181"]
[Result "1-0"]
[Round "08"]
[TimeControl "180+2"]
[Date "2023.05.31"]
[WhiteClock "0:00:48"]
[BlackClock "0:00:21"]

1. b3 e5 2. Bb2 Nc6 3. e3 f5 4. d4 e4 5. d5 Nce7 6. Nh3 Ng6 7. Be2 Nf6 8. c4 a5 9. Bh5 Bb4+ 10. Nd2 Nxh5 11. Qxh5 Qe7 12. Ng5 d6 13. a3 Bxd2+ 14. Kxd2 Bd7 15. Bc3 O-O-O 16. Bxa5 Ne5 17. Bc3 g6 18. Qh6 Ng4 19. Qh4 Rhe8 20. h3 Nxf2 21. Qxf2 Qxg5 22. a4 Rf8 23. g3 h5 24. h4 Qe7 25. a5 Kb8 26. a6 b6 27. a7+ Ka8 28. Kc2 Bc8 29. b4 Bb7 30. Kb3 Qd7 31. Bd4 Rc8 32. Rhd1 c5 33. dxc6 Qxc6 34. Qe2 d5 35. c5 Rf7 36. Rdc1 bxc5 37. Rxc5 Qe8 38. Rac1 Rxc5 39. Rxc5 Qe6 40. Qc2 Rf8 41. Rc7 Qa6 42. Rc5 Rc8 43. Rxc8+ Bxc8 44. Qc7 Qb7 45. Qxb7+ Kxb7 46. b5 Bd7 47. Kb4 Bc8 48. b6 Bd7 49. Kc5 Bc6 50. Kd6 Bb5 51. Kxd5 Be2 52. Ke6 Bg4 53. Kf6 Ka8 54. Kxg6 Kb7 55. Kf6 Ka8 56. Ke5 Kb7 57. Kd6 Ka8 58. Kc7 1-0


[Site "https://www.chess.com"]

[Event "Titled Tuesday Blitz May 30 Late 2023"]
[White "Mendez Machado, Andre"]
[Black "Petrovic, Aleksa"]
[WhiteFideId "6603793"]
[BlackFideId "967629"]
[WhiteElo "1984"]
[BlackElo "2309"]
[Result "0-1"]
[Round "08"]
[TimeControl "180+2"]
[Date "2023.05.31"]
[WhiteClock "0:00:03"]
[BlackClock "0:00:57"]

1. e4 d5 2. exd5 Qxd5 3. Nc3 Qe5+ 4. Be2 Bg4 5. d4 Bxe2 6. Ngxe2 Qa5 7. O-O Nf6 8. b4 Qf5 9. Ng3 Qd7 10. Nce4 Nxe4 11. Nxe4 e6 12. Qf3 c6 13. Bf4 Be7 14. Qg3 Qxd4 15. Nd6+ Bxd6 16. Bxd6 Nd7 17. Rad1 Qf6 18. Rfe1 h5 19. Re3 h4 20. Qh3 Rh5 21. Rde1 Rd5 22. Bg3 hxg3 23. Qh8+ Ke7 24. Qxa8 gxf2+ 25. Kh1 f1=R+ 0-1


[Site "https://www.chess.com"]

[Event "Titled Tuesday Blitz May 30 Late 2023"]
[White "Mickiewicz, Piotr"]
[Black "Martinez, Ayelen"]
[WhiteFideId "1114891"]
[BlackFideId "118702"]
[WhiteElo "2246"]
[BlackElo "2125"]
[Result "1-0"]
[Round "08"]
[TimeControl "180+2"]
[Date "2023.05.31"]
[WhiteClock "0:00:12"]
[BlackClock "0:00:18"]

1. Nf3 Nf6 2. b3 g6 3. Bb2 Bg7 4. e3 d6 5. c4 O-O 6. Be2 e5 7. d4 exd4 8. Nxd4 Re8 9. Nc3 Bd7 10. Bf3 Nc6 11. Nxc6 Bxc6 12. O-O Ne4 13. Bxe4 Bxe4 14. Qd2 Bc6 15. Nd5 Bxb2 16. Qxb2 Bxd5 17. cxd5 Qg5 18. Rac1 Qxd5 19. Rxc7 Rac8 20. Qc2 Rxc7 21. Qxc7 a5 22. Rc1 h5 23. h4 Qd2 24. Qc2 Qb4 25. Qc4 Qd2 26. Rc2 Qe1+ 27. Kh2 Re5 28. Qc8+ Kg7 29. Qxb7 Rf5 30. Kg3 Qd1 31. Qc6 Qg4+ 32. Kh2 Qxh4+ 33. Kg1 Qg4 34. Qc3+ Kh7 35. Qd3 h4 36. Rc4 Qg5 37. Qe4 Kg7 38. Qxh4 Qxh4 39. Rxh4 Rd5 40. Rd4 Rxd4 41. exd4 Kf6 42. Kf1 Ke6 43. Ke2 Kd5 44. Kd3 f5 45. a3 f4 46. b4 axb4 47. axb4 g5 48. f3 Kc6 49. Ke4 Kb5 50. Kd5 Kxb4 51. Kxd6 Kc4 52. Ke5 Kb5 53. d5 Kc5 54. d6 Kc6 55. d7 Kxd7 56. Kf5 Kd6 57. Kxg5 Ke5 58. Kg4 Ke6 59. Kxf4 Kf6 60. Ke4 Kg6 61. f4 Kf6 62. f5 Kg5 63. Ke5 Kg4 64. f6 Kg5 65. f7 Kg6 66. f8=Q Kh7 67. Qf5+ Kg7 68. Qf6+ Kh7 69. Qg5 Kh8 70. Kf6 Kh7 71. Qg7# 1-0


[Site "https://www.chess.com"]

[Event "Titled Tuesday Blitz May 30 Late 2023"]
[White "sebastianmarinp"]
[Black "mohsengabr2002"]
[WhiteElo "2382"]
[BlackElo "2218"]
[Result "0-1"]
[Round "08"]
[TimeControl "180+2"]
[Date "2023.05.31"]
[WhiteClock "0:00:01"]
[BlackClock "0:00:41"]

1. e4 f6 2. d4 g6 3. Nc3 e6 4. Be3 Nh6 5. f3 Nf7 6. Qd2 Bg7 7. O-O-O d5 8. h4 c6 9. h5 g5 10. Nh3 h6 11. Nf2 b5 12. Kb1 a5 13. Bd3 a4 14. a3 Na6 15. f4 O-O 16. e5 b4 17. axb4 Nxb4 18. Bg6 a3 19. b3 gxf4 20. Bxf4 fxe5 21. dxe5 c5 22. Na2 Nxe5 23. Bxe5 Bxe5 24. Qxh6 Ra7 25. Qe3 Bd4 26. Rxd4 cxd4 27. Qg3 Kh8 28. Nxb4 a2+ 29. Ka1 d3 30. Qe5+ Qf6 31. Nfxd3 Rg7 32. Qxf6 Rxf6 33. Kxa2 Bb7 34. Kb2 e5 35. Nxe5 Rf2 36. g4 d4 37. Ra1 Re2 38. Nbd3 Re7 39. Ra7 Kg7 40. Bf5 Kf6 41. Nf3 Bxf3 42. Ra6+ Kg5 43. Rg6+ Kh4 44. h6 Be4 45. Nf4 Rxc2+ 46. Ka3 Ra7+ 47. Kb4 Bxf5 48. gxf5 Rb7+ 49. Ka3 Rc8 50. Ra6 Kg4 51. f6 Kxf4 52. h7 Rxh7 0-1


[Site "https://www.chess.com"]

[Event "Titled Tuesday Blitz May 30 Late 2023"]
[White "Carrasco Miranda, Andres"]
[Black "zano2023"]
[WhiteFideId "3405990"]
[WhiteElo "2183"]
[BlackElo "2187"]
[Result "1-0"]
[Round "08"]
[TimeControl "180+2"]
[Date "2023.05.31"]
[WhiteClock "0:00:06"]
[BlackClock "0:00:09"]

1. d4 e5 2. dxe5 d6 3. Nf3 Bg4 4. Nc3 Nc6 5. exd6 Bxd6 6. Bg5 Nf6 7. e3 Qe7 8. Be2 O-O-O 9. Qc1 Kb8 10. h3 Bh5 11. Nd5 Qe6 12. Nxf6 gxf6 13. Bh4 Rhg8 14. Nd4 Nxd4 15. Bxh5 Rxg2 16. Kf1 Qd5 17. exd4 Qxh5 18. Kxg2 Qxh4 19. Qe3 Rg8+ 20. Kf1 Bf4 21. Qf3 Qg5 22. Re1 a6 23. c4 Bd2 24. Re4 Qa5 25. a3 Qa4 26. Qe2 Qc2 27. Re8+ Rxe8 28. Qxe8+ Ka7 29. Qe2 Qxb2 30. Qd3 Bf4 31. Kg2 Qb6 32. Rb1 Qe6 33. Qf3 c6 34. Qxf4 Qxc4 35. Qd6 Qd3 36. Qc5+ Ka8 37. Re1 Qg6+ 38. Kh2 Qg8 39. Re7 Qb8+ 40. Kg2 Qd8 41. Kf1 Kb8 42. Rxf7 Qe8 43. Rf8 1-0


[Site "https://www.chess.com"]

[Event "Titled Tuesday Blitz May 30 Late 2023"]
[White "Fuentes Godoy, Lilia Ivonne"]
[Black "Gerbelli Neto, Eduardo"]
[WhiteFideId "5104130"]
[BlackFideId "2103281"]
[WhiteElo "2096"]
[BlackElo "2178"]
[Result "1-0"]
[Round "08"]
[TimeControl "180+2"]
[Date "2023.05.31"]
[WhiteClock "0:00:12"]
[BlackClock "0:00:03"]

1. d4 d5 2. c4 c6 3. cxd5 cxd5 4. Bf4 Nf6 5. e3 Nc6 6. Nc3 e6 7. Bd3 Be7 8. Nf3 O-O 9. O-O Bd7 10. a3 a6 11. b4 b5 12. Rc1 Rc8 13. Rc2 Nh5 14. Bg3 Nxg3 15. hxg3 f6 16. Qd2 Be8 17. Rfc1 Qd6 18. Ne2 Bh5 19. Nf4 Bxf3 20. gxf3 e5 21. Nxd5 exd4 22. Nxe7+ Nxe7 23. exd4 Rcd8 24. Rc7 Rd7 25. Rxd7 Qxd7 26. Kg2 Rd8 27. Re1 Ng6 28. Rd1 Ne7 29. Bc2 Nd5 30. Qd3 g6 31. Bb3 Kg7 32. Re1 Ne7 33. Qe4 Nf5 34. Be6 Qxd4 35. Bxf5 gxf5 36. Qxf5 Rd7 37. Re6 Rf7 38. Rxa6 Qc4 39. Rb6 Qb3 40. Qg4+ Kh6 41. Rxb5 f5 42. Rxf5 Rxf5 43. Qxf5 Qxa3 44. Qf6+ Kh5 45. g4# 1-0


[Site "https://www.chess.com"]

[Event "Titled Tuesday Blitz May 30 Late 2023"]
[White "Curtis, John"]
[Black "Campos, Maria Jose"]
[WhiteFideId "3200256"]
[BlackFideId "146803"]
[WhiteElo "2203"]
[BlackElo "2170"]
[Result "0-1"]
[Round "08"]
[TimeControl "180+2"]
[Date "2023.05.31"]
[WhiteClock "0:00:03"]
[BlackClock "0:00:59"]

1. d4 Nf6 2. c4 e6 3. Nf3 Bb4+ 4. Nbd2 O-O 5. g3 Re8 6. Bg2 b6 7. O-O Bb7 8. Qc2 d5 9. a3 Bf8 10. Ne5 Nbd7 11. Nxd7 Qxd7 12. Nf3 Qc8 13. b3 dxc4 14. bxc4 Be4 15. Qb3 c5 16. Bg5 Nd7 17. dxc5 Nxc5 18. Qa2 Qb7 19. Rfd1 g6 20. Bf6 Nd7 21. Bc3 Bc5 22. Bb4 Rad8 23. Qb2 a5 24. Bxa5 bxa5 25. Qxb7 Bxb7 26. Rdb1 Be4 27. Rb5 Bc6 28. Rxa5 Rb8 29. Ne5 Nxe5 30. Rxc5 Bxg2 31. Rxe5 Bc6 32. Rc5 Ba4 33. Rc1 Rb3 34. Ra5 Rxa3 35. c5 Ra2 36. c6 Bb3 37. Rb5 Bd5 38. Kf1 Rc8 39. c7 Raa8 0-1


[Site "https://www.chess.com"]

[Event "Titled Tuesday Blitz May 30 Late 2023"]
[White "Ogreberbere"]
[Black "Stachanczyk, Jacek"]
[BlackFideId "1116657"]
[WhiteElo "2162"]
[BlackElo "2084"]
[Result "1-0"]
[Round "08"]
[TimeControl "180+2"]
[Date "2023.05.31"]
[WhiteClock "0:00:09"]
[BlackClock "0:00:24"]

1. d4 Nf6 2. c4 g6 3. Nc3 d5 4. cxd5 Nxd5 5. e4 Nxc3 6. bxc3 Bg7 7. Nf3 c5 8. Rb1 O-O 9. Be2 Nc6 10. d5 Ne5 11. Nxe5 Bxe5 12. Rb3 e6 13. f4 Bg7 14. c4 Bd7 15. e5 exd5 16. cxd5 Ba4 17. O-O Rc8 18. Qd2 Bxb3 19. axb3 a6 20. d6 Qd7 21. Bc4 b5 22. Bd5 Kh8 23. Bb2 f6 24. Qa5 fxe5 25. fxe5 Rxf1+ 26. Kxf1 Qf5+ 27. Ke2 Bxe5 28. d7 Rf8 29. d8=Q Qc2+ 30. Qd2 Qxd2+ 31. Kxd2 Rxd8 32. Bxe5# 1-0


[Site "https://www.chess.com"]

[Event "Titled Tuesday Blitz May 30 Late 2023"]
[White "Rodriguez Santiago, Jaime"]
[Black "Winkels, Marcel"]
[WhiteFideId "3100898"]
[BlackFideId "1003887"]
[WhiteElo "2025"]
[BlackElo "1900"]
[Result "1-0"]
[Round "08"]
[TimeControl "180+2"]
[Date "2023.05.31"]
[WhiteClock "0:00:39"]
[BlackClock "0:01:01"]

1. c4 Nf6 2. Nc3 g6 3. g3 Bg7 4. Bg2 O-O 5. e4 d6 6. d3 c6 7. Nge2 e5 8. O-O h6 9. h3 Be6 10. Be3 Qc8 11. Kh2 Na6 12. f4 Nh7 13. Qd2 f5 14. fxe5 dxe5 15. Bxh6 f4 16. Bxg7 fxg3+ 17. Nxg3 Kxg7 18. Rxf8 Qxf8 19. Rf1 Qh8 20. Kg1 Nf6 21. Qg5 Rf8 22. h4 Bc8 23. h5 Nxh5 24. Rxf8 Qxf8 25. Nxh5+ Kh7 26. Ng3 Qc5+ 27. Kh2 Nb4 28. Qd8 Bg4 29. a3 Nc2 30. Qh4+ Bh5 31. Nxh5 gxh5 32. Qxh5+ Kg7 33. Qg4+ Kf6 34. Qf3+ Ke7 35. Bh3 Nd4 36. Qg4 Qd6 37. Qg7+ Kd8 38. Qxb7 Qg6 39. Qd7# 1-0


[Site "https://www.chess.com"]